 Dungeon Crawl Stone Soup version 0.31.0-11-ge490571c62 (webtiles) character file.

Game seed: 17105151824174814841

186 Arcadio the Twirler (level 5, -16/33 HPs)
             Began as a Gargoyle Gladiator on Jan 31, 2024.
             Demolished by an ogre
             ... wielding a +0 giant club
              (30 damage)
             ... on level 3 of the Dungeon.
             The game lasted 00:03:54 (2224 turns).

Arcadio the Twirler (Gargoyle Gladiator)            Turns: 2224, Time: 00:03:55

Health: -16/33     AC: 10    Str: 19    XL:     5   Next: 66%
Magic:  5/5        EV: 10    Int:  9    God:
Gold:   87         SH:  0    Dex: 11    Spells: 4/4 levels left

rFire   . . .        a - +0 quarterstaff
rCold   + . .        (shield currently unavailable)
rNeg    + . .        l - +0 scale mail
rPois   ∞            c - melded +0 helmet
rElec   +            (cloak currently unavailable)
rCorr   .            (gloves currently unavailable)
SInv    .            (boots currently unavailable)
Will    .....        (no amulet) Stlth
                     q - ring of protection from cold
HPRegen 0.25/turn    (no ring)
MPRegen 0.09/turn

%: no passive effects
@: beast-form
A: beast (slay +0), sickness immunity, AC +4, negative energy resistance 1,
electricity resistance, torment resistance 1, petrification resistance
a: Begin Untransformation


You were on level 3 of the Dungeon.
You were a hulking beast.
You visited 1 branch of the dungeon, and saw 4 of its levels.

You collected 87 gold pieces.

Inventory:

Hand Weapons
 a - a +0 quarterstaff (weapon)
Missiles
 d - 3 throwing nets (quivered)
 e - a javelin
Armour
 b - a +0 leather armour
 c - a +0 helmet (melded)
 i - a +0 ring mail
 l - a +0 scale mail (worn)
 r - the +1 pair of gloves of Xytedd {Int+6}
   (You found it on level 3 of the Dungeon)

   Int+6:     It affects your intelligence (+6).
Jewellery
 q - a ring of protection from cold (left hand)
Talismans
 k - a beast talisman (active)
Scrolls
 f - a scroll of amnesia {unknown}
 g - a scroll of identify {unknown}
 j - 3 scrolls of teleportation {unknown}
 m - 2 scrolls of vulnerability {unknown}
 n - a scroll of revelation {unknown}
 o - 2 scrolls of immolation {unknown}
Potions
 h - a potion of haste {unknown}
 p - a potion of magic {unknown}
 s - a potion of invisibility {unknown}


   Skills:
 + Level 4.0 Fighting
 + Level 4.2 Staves
 - Level 1.7 Throwing
 + Level 3.1 Armour
 - Level 2.4 Dodging


You had 4 spell levels left.
You didn't know any spells.
Your spell library contained the following spells:

 Spells                   Type           Power      Damage    Failure   Level
 Magic Dart               Conj           0%         1d3       77%         1
 Sandblast                Erth           0%         2d4       77%         1
 Blink                    Tloc           0%         N/A       88%         2
 Call Imp                 Summ           0%         N/A       88%         2
 Lesser Beckoning         Tloc           0%         N/A       88%         2
 Mercury Vapours          Alch/Air       0%         N/A       88%         2
 Mephitic Cloud           Conj/Alch/Air  0%         N/A       98%         3
 Freezing Cloud           Conj/Ice/Air   0%         6-21      100%        5


Dungeon Overview and Level Annotations

Branches:
Dungeon (4/15)
 Temple: D:4-7

Altars:


Innate Abilities, Weirdness & Mutations

You are a hulking beast.
Your limbs bulge with bestial killing power. (Slay +0)
You are immune to sickness and miasma.
Your stone body is resilient. (AC +4)
You are immune to poison.
You resist negative energy. (rN+)
You are resistant to electric shocks. (rElec)
You are resistant to unholy torment.
You are immune to petrification.


Message History

Moving in this stuff is going to be slow.
You enter the shallow water.
Moving in this stuff is going to be slow.
You enter the shallow water.
Moving in this stuff is going to be slow.
You enter the shallow water.
Moving in this stuff is going to be slow.
Done exploring.
There is a stone staircase leading down here.
You climb downwards.
There is a stone staircase leading up here.
An ogre comes into view. It is wielding a +0 giant club.
A hobgoblin comes into view.
The hobgoblin shouts!
You see here 3 gold pieces.
There is a stone staircase leading up here.
You climb upwards.
There is a stone staircase leading down here.
You start waiting.
Done waiting.
You climb downwards.
The hobgoblin hits you but does no damage.
The ogre hits you with a +0 giant club!
There is a stone staircase leading up here.
The hobgoblin hits you but does no damage.
The ogre hits you with a +0 giant club!
You climb upwards.
There is a stone staircase leading down here.
You barely miss the hobgoblin. The hobgoblin closely misses you.
Unknown command.
Okay, then.
You hit the ogre.
The ogre is lightly wounded.
The hobgoblin completely misses you. The ogre barely misses you.
You sock the ogre!
The ogre is heavily wounded.
The hobgoblin closely misses you.
The ogre hits you with a +0 giant club!!
Ouch! That really hurt!
You die...

#......#.......# #.#
#......#.......# #.#
#......#.......# #.#
##......#.......# #.#
#.......#.).....#######.##
##.###.###.......#........# #..#
#.# ####.##..PP~###.## ♣.P♣ #.#
#g#.~.~~~P#### ♣~P♣ #.#
####h#.~♣~~~.P####### ♣♣.♣♣ #.#
#..O.#.♣♣♣♣♣~..#..... ♣P~♣♣
#.###.###~~~♣ ♣~P........
♣♣~P♣♣♣♣♣#......~~♣ ♣♣~.....##.
♣♣♣~.~♣♣PPP....##P~♣♣♣♣♣.........
~.~~.~~~~~..#..#P~~~~~♣~~.....##.
♣P♣~~~♣~P♣P##....#P~~~~P~.....##.
♣♣♣♣~~♣♣♣♣♣###.#.##.P.P~###......
#.♣~~♣♣ #......##### #.#####


You could see an ogre and a hobgoblin.

Vanquished Creatures
  6 adders
  5 gnolls
  2 ribbon worms
  A dart slug (D:2)
  An orc (D:3)
  6 ball pythons
  3 endoplasms
  2 giant cockroaches
  12 goblins
  6 hobgoblins
  7 jackals
  2 quokkas (D:3)
  10 bats
  2 frilled lizards
  4 kobolds
  5 rats (D:1)
74 creatures vanquished.

Notes
Turn   | Place    | Note
-------+----------+-------------------------------------------
     0 | D:1      | Arcadio the Gargoyle Gladiator began the quest for the Orb.
     0 | D:1      | Reached XP level 1. HP: 12/12 MP: 1/1
     9 | D:1      | Got the Collected Works on Ashen Geometries
    28 | D:1      | Reached XP level 2. HP: 11/18 MP: 2/2
   118 | D:1      | Reached skill level 1 in Armour
   172 | D:1      | Reached XP level 3. HP: 22/22 MP: 3/3
   995 | D:2      | Reached XP level 4. HP: 28/28 MP: 4/4
  1402 | D:3      | Reached XP level 5. HP: 27/33 MP: 5/5
  1592 | D:3      | Identified the +1 pair of gloves of Xytedd {Int+6}
  2108 | D:4      | Noticed an ogre
  2224 | D:3      | Demolished by an ogre

Illustrated notes

Levels and vault maps discovered:
D:1:      erik_arrival_blinker_ship, layout_basic, minmay_hexomino_r4
D:2:      minmay_recursive_quarters, layout_rooms, kennysheep_another_room,
          minivault_11
D:3:      layout_loops_cross, serial_bayou, serial_bayou_pond_c,
          serial_bayou_crossing, serial_bayou_pond_e, serial_bayou_pond_b
D:4:      layout_basic, ebering_ghost_sewer_d, kennysheep_pointless_box,
          hangedman_feature_mirror, uniq_blork_the_orc, uniq_robin, uniq_grinder

Skill      XL: |  1  2  3  4  5 |
---------------+----------------+-----
Armour         | 1 2 3 |  3.1
Fighting       | 3 4 |  4.0
Staves         | 4 |  4.2
Throwing       | |  1.7
Dodging        | |  2.4

Action                     |  1- 3 |  4- 6 || total
---------------------------+-------+-------++-------
  Melee: Quarterstaff      |    92 |   109 ||   201
 Armour: Leather armour    |    39 |       ||    39
         Ring mail         |    29 |       ||    29
         Scale mail        |     2 |    95 ||    97
  Dodge: Dodged            |    76 |    74 ||   150
   Form: Beast             |     1 |       ||     1
